Description

TvZ Battlecruiser/Mech style from Nathanias!

Replay - TvZ Battlecruiser

Build Order

Get SALT Encoding   

  12  0:00  SCV  
  13  0:12  SCV  
  14  0:17  Supply Depot  
  14  0:24  SCV  
  15  0:39  SCV  
  15  0:40  Barracks  
  16  0:51  SCV  
  17  1:03  SCV  
  18  1:15  SCV  
  19  1:27  Orbital Command  
  19  1:28  Marine  
  20  1:34  Command Center  
  20  1:39  Refinery x2  
  20  1:46  Marine  
  21  1:53  Supply Depot  
  21  1:57  SCV  
  22  2:04  Marine  
  23  2:15  SCV  
  24  2:23  Marine  
  24  2:27  SCV  
  26  2:31  Factory  
  26  2:42  Barracks Reactor  
  27  2:46  Orbital Command  
  27  2:50  Bunker  
  31  3:20  Starport  
  31  3:25  Supply Depot  
  31  3:26  Hellion x2  
  36  3:27  Barracks Tech Lab  
  37  3:38  Supply Depot  
  39  3:48  Hellion x2  
  45  4:00  Fusion Core  
  46  4:03  Viking  
  46  4:09  Hellion x2  
  55  4:31  Hellion x2  
  60  4:47  Supply Depot  
  61  5:09  Hellion x2, Battlecruiser  
  67  5:25  Weapon Refit  
  67  5:27  Command Center  
  74  5:53  Engineering Bay, Refinery x2  
  81  6:09  Factory x2  
  86  6:57  Battlecruiser  
  89  7:04  Missile Turret  
  89  7:07  Armory x2  
  90  7:20  Factory Tech Lab x2  
  89  7:29  Factory x2  
Spawning Tool Build Advisor. Get it on Overwolf

Go to:

Details

  • Created by: Mithriel
  • Published on: Dec 03, 2017
  • Modified on: Dec 03, 2017
  • Patch: 4.0.0
Show
View Real Time Build Order
Export as new Build Order

Comments (0)

There are no comments. Be the first!

Create an account to comment!